[Event "ICC tourney 2046 (75 10)"]
[Site "Internet Chess Club"]
[Date "2020.10.11"]
[Round "6"]
[White "MathMonkey"]
[Black "wicked"]
[Result "1-0"]
[ICCResult "Black resigns"]
[WhiteElo "1008"]
[BlackElo "1493"]
[Opening "Ruy Lopez: old Steinitz defense"]
[ECO "C62"]
[NIC "RL.02"]
[Time "14:48:14"]
[TimeControl "4500+10"]

1. e4 e5 2. Nf3 Nc6 3. Bb5 d6 4. d4 exd4 5. Nxd4 Bd7 6. Nxc6 bxc6 7. Bc4 Nf6
8. Bg5 Be7 9. Nc3 O-O 10. O-O h6 11. Bh4 Be6 12. Bxe6 fxe6 13. f4 Qe8 14.
Qf3 Rb8 15. Rab1 Nd7 16. Bxe7 Qxe7 17. Qh5 d5 18. exd5 cxd5 19. Kh1 Rf5 20.
Qg4 Nf6 21. Qe2 Nd7 22. Rfe1 Re8 23. g4 Rf7 24. Qf3 c6 25. Qg3 Qb4 26. f5
Rfe7 27. a3 Qc5 28. g5 d4 29. f6 Rf7 30. Ne4 Qd5 31. Rbd1 hxg5 32. c4 Qxc4
33. Nd6 Qd5+ 34. Kg1 Nxf6 35. Nxf7 Kxf7 36. Re5 Qc4 37. Rxg5 Rg8 38. Qc7+
Kf8 39. Qd8+ Kf7 40. Qxd4 Qe2 41. Qxa7+ Kf8 42. Qb8+ Ke7 43. Qc7+ Kf8 44.
Rd8+ Ne8 45. Qxc6 Qe3+ 46. Kh1 Qe1+ 47. Rg1 {Black resigns} 1-0

[Event "ICC tourney 2046 (75 10)"]
[Site "Internet Chess Club"]
[Date "2020.10.11"]
[Round "6"]
[White "strangerthingz"]
[Black "aakashjr"]
[Result "0-1"]
[ICCResult "White checkmated"]
[WhiteElo "1395"]
[BlackElo "1515"]
[Opening "Scandinavian defense"]
[ECO "B01"]
[NIC "SD.03"]
[Time "14:48:08"]
[TimeControl "4500+10"]

1. e4 d5 2. exd5 Nf6 3. Nf3 Nxd5 4. Bc4 Bf5 5. d4 e6 6. c3 Nc6 7. Bb5 Bd6 8.
c4 Nb4 9. Ba4 Nd3+ 10. Ke2 O-O 11. Bc2 Ncb4 12. Bxd3 Nxd3 13. Ne1 Nxc1+ 14.
Qxc1 Be7 15. Nf3 c5 16. Rd1 cxd4 17. Nxd4 Qc7 18. Nxf5 exf5 19. g3 Qc6 20.
Qf4 Rfe8 21. Kd2 Bb4+ 22. Kc1 Re4 23. Qxf5 Rxc4+ 24. Nc3 Bxc3 25. bxc3 Rxc3+
26. Kb2 Rc5 27. Qd3 Rb5+ 28. Ka3 Qa6# {White checkmated} 0-1

[Event "ICC tourney 2046 (75 10)"]
[Site "Internet Chess Club"]
[Date "2020.10.11"]
[Round "6"]
[White "sburreus09"]
[Black "RockyWang"]
[Result "1-0"]
[ICCResult "Black checkmated"]
[WhiteElo "1521"]
[BlackElo "736"]
[Opening "QGD: Ragozin variation"]
[ECO "D38"]
[NIC "NI.27"]
[Time "14:48:19"]
[TimeControl "4500+10"]

1. d4 d5 2. c4 Nf6 3. Nc3 e6 4. Nf3 Bb4 5. Bg5 h6 6. Bxf6 Qxf6 7. e3 a6 8.
c5 Bxc3+ 9. bxc3 Nc6 10. Bd3 O-O 11. O-O e5 12. Be2 Bg4 13. Rb1 Bxf3 14.
Bxf3 e4 15. Bg4 Rab8 16. f4 Ne7 17. a4 Nf5 18. Qe2 Rfe8 19. Rb2 c6 20. a5
Qg6 21. Rfb1 Re7 22. Bh5 Qe6 23. Rb6 Qc8 24. Bg4 Rc7 25. g3 g6 26. Bxf5 Qxf5
27. Rxa6 bxa6 28. Rxb8+ Rc8 29. Rb6 Qd7 30. Rxa6 Qb7 31. Rb6 Qa7 32. a6 Rc7
33. h4 Kf8 34. Qb2 Kg7 35. c4 Qa8 36. cxd5 cxd5 37. Qb5 Qc8 38. Kg2 Qg4 39.
Qf1 Qc8 40. Qe2 Rc6 41. Qb5 Qg4 42. Rxc6 Qf3+ 43. Kh2 Qf2+ 44. Kh3 Qg1 45.
Qe2 Qh1+ 46. Qh2 Qf1+ 47. Qg2 Qb5 48. Rd6 Qd3 49. Qf2 Qd1 50. a7 Qh1+ 51.
Qh2 Qf1+ 52. Qg2 Qa1 53. Rxd5 Qxa7 54. Qxe4 f5 55. Qe5+ Kf7 56. c6 h5 57.
Rd7+ Qxd7 58. cxd7 Kf8 59. d8=Q+ Kf7 60. Qef6# {Black checkmated} 1-0

[Event "ICC tourney 2046 (75 10)"]
[Site "Internet Chess Club"]
[Date "2020.10.11"]
[Round "6"]
[White "ChessMindTT"]
[Black "VirginiaGuy"]
[Result "1-0"]
[ICCResult "Black resigns"]
[WhiteElo "1450"]
[BlackElo "1370"]
[Opening "Queen's bishop game"]
[ECO "D02"]
[NIC "QP.08"]
[Time "14:48:12"]
[TimeControl "4500+10"]

1. d4 d5 2. Nf3 Nf6 3. Bf4 Bf5 4. e3 e6 5. Bd3 Bxd3 6. Qxd3 c6 7. Nbd2 Bd6
8. Bxd6 Qxd6 9. O-O O-O 10. c3 Nbd7 11. e4 dxe4 12. Nxe4 Nxe4 13. Qxe4 Qd5
14. Qe2 Nf6 15. a3 Qe4 16. Qd2 Rad8 17. Rfe1 Qd5 18. Qc2 Qa5 19. b4 Qc7 20.
c4 Qf4 21. Qb2 g5 22. Rad1 g4 23. Ne5 h5 24. g3 Qg5 25. f4 gxf3 26. Nxf3 Qg4
27. Ne5 Qh3 28. Qg2 Qxg2+ 29. Kxg2 Ng4 30. h3 Nxe5 31. Rxe5 Kg7 32. Rxh5 Kg6
33. Re5 Rg8 34. Re2 Kf6 35. Kf3 Rh8 36. h4 Rh5 37. Re5 Rhh8 38. Kf4 Rhg8 39.
g4 Rh8 40. g5+ Kg6 41. Kg3 Rh5 42. d5 f6 43. Rxe6 cxd5 44. Rxf6+ {Black
resigns} 1-0

[Event "ICC tourney 2046 (75 10)"]
[Site "Internet Chess Club"]
[Date "2020.10.11"]
[Round "6"]
[White "Vidipkona"]
[Black "magicpup"]
[Result "0-1"]
[ICCResult "White checkmated"]
[WhiteElo "1451"]
[BlackElo "1540"]
[Opening "Ruy Lopez: Berlin defense, 4.O-O, d6"]
[ECO "C66"]
[NIC "RL.02"]
[Time "14:48:13"]
[TimeControl "4500+10"]

1. e4 e5 2. Nf3 Nc6 3. Bb5 d6 4. O-O Nf6 5. d3 Be7 6. Nc3 O-O 7. Bg5 Bg4 8.
Bxf6 Bxf6 9. Bxc6 bxc6 10. Qe2 Bg5 11. Nd1 Qf6 12. Ne3 Bxf3 13. Qxf3 Qxf3
14. gxf3 Bxe3 15. fxe3 f5 16. exf5 Rxf5 17. Kf2 Rh5 18. Kg2 Rf8 19. Rae1
Rg5+ 20. Kh1 Rgf5 21. Kg2 Kf7 22. f4 Ke6 23. fxe5 Rxf1 24. Rxf1 Rxf1 25.
Kxf1 Kxe5 26. Kf2 Kf5 27. Kf3 Kg5 28. b4 Kf5 29. a4 h6 30. c4 g6 31. d4 d5
32. cxd5 cxd5 33. h4 g5 34. hxg5 hxg5 35. b5 g4+ 36. Kg3 Ke4 37. Kxg4 Kxe3
38. Kf5 Kxd4 39. Ke6 Kc5 40. Kd7 Kb6 41. Kc8 d4 42. a5+ Kxa5 43. Kxc7 Kxb5
44. Kb7 d3 45. Kxa7 d2 46. Kb8 d1=Q 47. Kc7 Kc5 48. Kb7 Qd7+ 49. Ka6 Qb5+
50. Ka7 Kc6 51. Ka8 Qb7# {White checkmated} 0-1

[Event "ICC tourney 2046 (75 10)"]
[Site "Internet Chess Club"]
[Date "2020.10.11"]
[Round "6"]
[White "lerui"]
[Black "SunnyDays0"]
[Result "0-1"]
[ICCResult "White checkmated"]
[WhiteElo "1062"]
[BlackElo "1157"]
[Opening "French: exchange variation"]
[ECO "C01"]
[NIC "FR.01"]
[Time "14:48:10"]
[TimeControl "4500+10"]

1. e4 e6 2. d4 d5 3. exd5 exd5 4. Bd3 c5 5. c3 c4 6. Be2 Bf5 7. Bf4 Nf6 8.
Nf3 Bd6 9. Bxd6 Qxd6 10. h3 O-O 11. O-O Nbd7 12. Nbd2 Rfe8 13. Re1 a5 14. a4
Rab8 15. Nh4 Be4 16. Nxe4 Nxe4 17. Nf3 b5 18. axb5 Rxb5 19. Qc2 Reb8 20.
Reb1 R8b6 21. Bxc4 dxc4 22. Qxe4 Rxb2 23. Rxb2 Rxb2 24. Qa8+ Qb8 25. Qxa5
Rb1+ 26. Rxb1 Qxb1+ 27. Kh2 Qb8+ 28. g3 h6 29. Qd5 Qb2 30. Kg2 Nb6 31. Qd8+
Kh7 32. Qe7 Qxc3 33. Qxf7 Qd3 34. Qa7 Nd5 35. Qa1 c3 36. Qc1 Nb4 37. Ne5
Qxd4 38. Nf3 Qd3 39. Ne5 Qd2 40. Qb1+ c2 41. Qb3 c1=Q 42. Qf3 Qd5 43. Qxd5
Nxd5 44. Nf3 Qc2 45. Nd4 Qe4+ 46. Nf3 g5 47. g4 Kg6 48. Kg3 Qf4+ 49. Kg2 Nf6
50. Nh2 h5 51. gxh5+ Kxh5 52. f3 Qd2+ 53. Kg3 Qe1+ 54. Kg2 Kh4 55. Nf1 Qe2+
56. Kg1 Qxf3 57. Nh2 Qg3+ 58. Kh1 Qxh3 59. Kg1 g4 60. Kh1 g3 61. Kg1 Qxh2+
62. Kf1 Qf2# {White checkmated} 0-1

[Event "ICC tourney 2046 (75 10)"]
[Site "Internet Chess Club"]
[Date "2020.10.11"]
[Round "6"]
[White "SukrutN"]
[Black "chess278"]
[Result "1-0"]
[ICCResult "Black checkmated"]
[WhiteElo "1173"]
[BlackElo "1382"]
[Opening "Caro-Kann: advance variation"]
[ECO "B12"]
[NIC "CK.04"]
[Time "14:48:14"]
[TimeControl "4500+10"]

1. e4 c6 2. d4 d5 3. e5 Bf5 4. c3 e6 5. Be3 Ne7 6. Nf3 Nd7 7. Nbd2 Qc7 8.
Be2 h6 9. O-O Bh7 10. Nb3 Nf5 11. Bd2 Be7 12. Re1 O-O 13. h3 c5 14. Bf4 Rac8
15. a3 Nb6 16. Nxc5 Bxc5 17. dxc5 Qxc5 18. Rc1 Nc4 19. b4 Qb6 20. a4 a5 21.
b5 Qd8 22. Ra1 Qe7 23. Bc1 Rfd8 24. Bf1 Qc7 25. Nd4 Nb6 26. Nxf5 Bxf5 27.
Be3 Nc4 28. Bxc4 dxc4 29. Bd4 Rd5 30. Qh5 Bg6 31. Qf3 Rxd4 32. cxd4 c3 33.
Rac1 b6 34. d5 exd5 35. Qxd5 c2 36. f3 Qe7 37. e6 f6 38. Qd7 Qc5+ 39. Kh1
Be8 40. Qd3 Qg5 41. Rxc2 Rxc2 42. Qxc2 Qg3 43. Re4 Bg6 44. e7 Be8 45. Qd2
Qc7 46. Qd8 Qc1+ 47. Kh2 Kf7 48. Qd5+ Kg6 49. Rg4+ Kh7 50. Qd3+ Kg8 51. Qd8
Kf7 52. Qd5+ Kxe7 53. Rxg7+ Kf8 54. Qg8# {Black checkmated} 1-0

[Event "ICC tourney 2046 (75 10)"]
[Site "Internet Chess Club"]
[Date "2020.10.11"]
[Round "6"]
[White "jayrag"]
[Black "Twinkletoesss"]
[Result "1-0"]
[ICCResult "Black resigns"]
[WhiteElo "1410"]
[BlackElo "1370"]
[Opening "King's Indian: fianchetto without c4"]
[ECO "A49"]
[NIC "QP.06"]
[Time "14:48:24"]
[TimeControl "4500+10"]

1. d4 Nf6 2. Nf3 g6 3. g3 Bg7 4. Bg2 O-O 5. O-O d6 6. Nbd2 Nc6 7. b3 Nd7 8.
e3 e5 9. Bb2 f5 10. dxe5 Ndxe5 11. Nxe5 Nxe5 12. Kh1 h5 13. h3 h4 14. f4 Nc6
15. Bxg7 Kxg7 16. Qf3 Bd7 17. e4 Qf6 18. c3 Ne7 19. Rae1 Bc6 20. Qd3 Rae8
21. Kg1 Rh8 22. Re3 fxe4 23. Nxe4 Bxe4 24. Bxe4 Nf5 25. Bxf5 Rxe3 26. Qxe3
gxf5 27. Re1 Kf7 28. gxh4 Rg8+ 29. Kh2 b6 30. h5 Rf8 31. Kg3 Kg7 32. Qe7+
Rf7 33. Qxf6+ Kxf6 34. Kh4 Rh7 35. Rg1 Rh6 36. c4 a6 37. Rg8 a5 38. Rf8+ Ke6
39. Rc8 Rh7 40. Rg8 Re7 41. Rg6+ Kf7 42. Kg5 Re2 43. Kxf5 Rh2 44. Rg3 Re2
45. h6 Re6 46. Rg7+ {Black resigns} 1-0

[Event "ICC tourney 2046 (75 10)"]
[Site "Internet Chess Club"]
[Date "2020.10.11"]
[Round "6"]
[White "Electryon"]
[Black "charlestxie"]
[Result "0-1"]
[ICCResult "White resigns"]
[WhiteElo "1301"]
[BlackElo "1328"]
[Opening "Queen's bishop game"]
[ECO "D02"]
[NIC "QP.08"]
[Time "14:48:11"]
[TimeControl "4500+10"]

1. d4 d5 2. Nf3 Nf6 3. Bf4 Bf5 4. e3 e6 5. Bd3 Bg6 6. c3 Bd6 7. Ne5 Nbd7 8.
Nxg6 hxg6 9. Bxd6 cxd6 10. Nd2 e5 11. Bb5 a6 12. Ba4 b5 13. Bc2 Rc8 14. a4
Nb6 15. axb5 axb5 16. Qe2 Nc4 17. Nxc4 dxc4 18. dxe5 dxe5 19. O-O O-O 20.
Rfd1 Qc7 21. Qf3 Rfd8 22. Rxd8+ Rxd8 23. Ra8 Rxa8 24. Qxa8+ Kh7 25. Qa1 Qd7
26. Qe1 Kg8 27. b3 cxb3 28. Bxb3 Qd3 29. Ba2 Ne4 30. Bb1 Qxc3 31. Qxc3 Nxc3
32. Bc2 f5 33. Kf1 Kf7 34. Ke1 e4 35. Kd2 Nd5 36. Bb3 Ke6 37. h4 Kd6 38.
Bxd5 Kxd5 39. Kc3 Kc5 40. Kb3 b4 41. f3 exf3 42. gxf3 Kb5 43. e4 fxe4 44.
fxe4 Kc5 45. e5 Kd5 46. Kxb4 Kxe5 47. Kc3 Kf4 48. Kd2 Kg4 49. Ke1 Kxh4 50.
Kf1 Kh3 51. Kg1 Kg3 52. Kh1 Kf2 53. Kh2 g5 54. Kh3 Kf3 55. Kh2 g4 56. Kg1
Kg3 57. Kh1 Kf2 58. Kh2 g3+ 59. Kh1 g2+ {White resigns} 0-1

[Event "ICC tourney 2046 (75 10)"]
[Site "Internet Chess Club"]
[Date "2020.10.11"]
[Round "6"]
[White "otcm"]
[Black "JavierDix"]
[Result "1/2-1/2"]
[ICCResult "Game drawn by repetition"]
[WhiteElo "1520"]
[BlackElo "1426"]
[Opening "QGD: Marshall defense"]
[ECO "D06"]
[NIC "QP.08"]
[Time "14:48:29"]
[TimeControl "4500+10"]

1. d4 d5 2. c4 Nf6 3. cxd5 Qxd5 4. Nc3 Qd8 5. Nf3 e6 6. e4 Be7 7. g3 O-O 8.
Bg2 Re8 9. O-O Nbd7 10. Bf4 a6 11. Rc1 Nh5 12. Be3 Nhf6 13. Qc2 Nf8 14. Rfd1
Ng6 15. e5 Nd5 16. Nxd5 exd5 17. Qxc7 Qxc7 18. Rxc7 Bd8 19. Rc5 Be6 20. Rdc1
Ne7 21. Ng5 Nf5 22. Nxe6 fxe6 23. Rc8 Bb6 24. Rxa8 Rxa8 25. Bh3 Kf7 26. Bxf5
exf5 27. f4 Re8 28. a3 Re6 29. Kf2 Rc6 30. Rxc6 bxc6 31. Ke2 h5 32. h4 Ke6
33. Kd3 Kd7 34. Kc3 Ba5+ 35. b4 Bd8 36. Kb3 Kc7 37. Bd2 Kb6 38. a4 Be7 39.
a5+ Kb5 40. Be1 g6 41. Bd2 Bf8 42. Be1 Be7 43. Bd2 Bf8 44. Be1 Be7 45. Bd2
Bf8 46. Be1 Be7 47. Bd2 {Game drawn by repetition} 1/2-1/2

[Event "ICC tourney 2046 (75 10)"]
[Site "Internet Chess Club"]
[Date "2020.10.11"]
[Round "6"]
[White "Sirichess"]
[Black "Attack1010"]
[Result "0-1"]
[ICCResult "White resigns"]
[WhiteElo "1439"]
[BlackElo "1485"]
[Opening "Sicilian: Canal-Sokolsky attack, 3...Bd7"]
[ECO "B52"]
[NIC "SI.01"]
[Time "14:48:10"]
[TimeControl "4500+10"]

1. e4 c5 2. Nf3 d6 3. Bb5+ Bd7 4. Bxd7+ Nxd7 5. O-O Ngf6 6. Re1 g6 7. d3 Bg7
8. Nc3 O-O 9. Bf4 Rb8 10. a3 b5 11. Rb1 a5 12. Na2 Ra8 13. Bg3 Nh5 14. Qe2
Nxg3 15. fxg3 Qb6 16. Kh1 Rfc8 17. Nc3 e6 18. Rf1 c4 19. Nd1 cxd3 20. Qxd3
Nc5 21. Qe2 Rc6 22. e5 d5 23. Ng5 Rf8 24. c3 Nd7 25. Nf3 Qb8 26. Nd4 Rb6 27.
Nb3 a4 28. Nd2 Nxe5 29. Ne3 Nc4 30. Nc2 Qe5 31. Qxe5 Bxe5 32. Nxc4 bxc4 33.
Nb4 d4 34. cxd4 Bxd4 35. Rf4 e5 36. Re4 Rfb8 37. h3 Kg7 38. g4 f6 39. Kh2 c3
40. bxc3 Bxc3 41. Kg3 Bxb4 42. axb4 Ra8 43. Ra1 a3 44. Re3 a2 45. Re2 Rxb4
46. Rexa2 Rxa2 47. Rxa2 Rb3+ 48. Kf2 Kh6 49. Ra6 Kg5 50. Ra7 h6 51. Ra6 h5
52. gxh5 gxh5 53. h4+ Kf5 54. Ra4 Rd3 55. g3 Rd4 56. Ra3 Kg4 57. Re3 e4 58.
Re2 f5 59. Rc2 Rd3 60. Rc6 Rf3+ 61. Ke2 Kxg3 62. Rg6+ Kxh4 63. Rg2 Kh3 64.
Rg5 h4 65. Ke1 Kh2 66. Ke2 h3 67. Ke1 f4 68. Rg4 e3 69. Ke2 Rf2+ 70. Kd3
Rd2+ 71. Ke4 e2 72. Kxf4 Rd4+ 73. Kf3 Rxg4 74. Kxe2 Kg2 {White resigns} 0-1

[Event "ICC tourney 2046 (75 10)"]
[Site "Internet Chess Club"]
[Date "2020.10.11"]
[Round "7"]
[White "aakashjr"]
[Black "jayrag"]
[Result "1-0"]
[ICCResult "Black resigns"]
[WhiteElo "1516"]
[BlackElo "1393"]
[Opening "Giuoco Piano"]
[ECO "C53"]
[NIC "IG.02"]
[Time "18:33:38"]
[TimeControl "4500+10"]

1. e4 e5 2. Nf3 Nc6 3. Bc4 Bc5 4. c3 d6 5. d4 exd4 6. cxd4 Bb4+ 7. Nc3 Bg4
8. O-O Nge7 9. Bxf7+ Kd7 10. Qb3 Kc8 11. d5 Bxc3 12. dxc6 Nxc6 13. Qxc3 Rf8
14. Ng5 Qf6 15. Qxf6 gxf6 16. Be6+ Bxe6 17. Nxe6 Re8 18. Nf4 Rxe4 19. Nd5
Re5 20. Nxf6 Rf5 21. Ne4 Kd7 22. Be3 Rg8 23. Rad1 Rh5 24. Nf6+ {Black
resigns} 1-0

[Event "ICC tourney 2046 (75 10)"]
[Site "Internet Chess Club"]
[Date "2020.10.11"]
[Round "7"]
[White "strangerthingz"]
[Black "Sirichess"]
[Result "1-0"]
[ICCResult "Black resigns"]
[WhiteElo "1423"]
[BlackElo "1437"]
[Opening "Giuoco Pianissimo: Italian four knights variation"]
[ECO "C50"]
[NIC "IG.02"]
[Time "18:33:30"]
[TimeControl "4500+10"]

1. e4 e5 2. Nf3 Nc6 3. Bc4 Bc5 4. d3 Nf6 5. Nc3 h6 6. h3 O-O 7. O-O d6 8.
Bb3 Be6 9. Be3 Bxb3 10. axb3 Bxe3 11. fxe3 Nh7 12. d4 a6 13. Qd2 Ng5 14. Rf2
b5 15. Nxg5 Qxg5 16. Raf1 f6 17. Rf5 Qg6 18. Nd5 Qf7 19. Qc3 Ne7 20. Nxe7+
Qxe7 21. Qc6 Rf7 22. Qxa8+ Rf8 23. Qxa6 {Black resigns} 1-0

[Event "ICC tourney 2046 (75 10)"]
[Site "Internet Chess Club"]
[Date "2020.10.11"]
[Round "7"]
[White "JavierDix"]
[Black "tjsathyan"]
[Result "1-0"]
[ICCResult "Black resigns"]
[WhiteElo "1425"]
[BlackElo "1278"]
[Opening "King's Indian: London system"]
[ECO "A48"]
[NIC "QP.03"]
[Time "18:34:14"]
[TimeControl "4500+10"]

1. d4 Nf6 2. Nf3 g6 3. Bf4 Bg7 4. e3 c6 5. Bd3 d5 6. Nbd2 O-O 7. Ne5 Nfd7 8.
Ndf3 c5 9. c3 c4 10. Bc2 Nxe5 11. dxe5 Qb6 12. b3 cxb3 13. Bxb3 e6 14. Rb1
Qc6 15. Qc2 Nd7 16. O-O Qc7 17. c4 dxc4 18. Bxc4 Bxe5 19. Nxe5 Nxe5 20. Qc3
f6 21. Bxe6+ Rf7 22. Qxc7 Bxe6 {Black resigns} 1-0

[Event "ICC tourney 2046 (75 10)"]
[Site "Internet Chess Club"]
[Date "2020.10.11"]
[Round "7"]
[White "wicked"]
[Black "jojoraman"]
[Result "0-1"]
[ICCResult "White resigns"]
[WhiteElo "1501"]
[BlackElo "1384"]
[Opening "Giuoco Piano"]
[ECO "C50"]
[NIC "IG.02"]
[Time "18:33:34"]
[TimeControl "4500+10"]

1. e4 e5 2. Nf3 Nc6 3. Bc4 Bc5 4. O-O Nf6 5. d3 O-O 6. Nc3 d6 7. h3 h6 8.
Be3 Bb6 9. Qd2 Be6 10. Bb3 Re8 11. Bxb6 axb6 12. Rfe1 Qd7 13. Bxe6 fxe6 14.
Nh4 Qf7 15. f4 exf4 16. Rf1 e5 17. Nf5 Ne7 18. g4 fxg3 19. Nxg3 Qg6 20. Kh2
Rf8 21. Rg1 Qh7 22. Rg2 Rf7 23. Nb5 Rc8 24. d4 Nxe4 25. Nxe4 Qxe4 26. Re1
Qf4+ 27. Qxf4 exf4 28. Rge2 Nc6 29. Re8+ Rxe8 30. Rxe8+ Rf8 31. Re4 d5 32.
Re1 Nb4 33. c3 Na6 34. Kg2 Kf7 35. Kf3 g5 36. Re5 Rd8 37. h4 c6 38. Na3 Re8
39. hxg5 Rxe5 40. dxe5 hxg5 41. Nc2 Ke6 42. Ne1 Kxe5 43. Nd3+ Kf5 44. Nf2
Nc5 45. b4 Ne4 46. Nxe4 dxe4+ {White resigns} 0-1

[Event "ICC tourney 2046 (75 10)"]
[Site "Internet Chess Club"]
[Date "2020.10.11"]
[Round "7"]
[White "jjplaman"]
[Black "georgianknight"]
[Result "1-0"]
[ICCResult "Black checkmated"]
[WhiteElo "1423"]
[BlackElo "1440"]
[Opening "Sicilian"]
[ECO "B50"]
[NIC "SI.01"]
[Time "18:33:31"]
[TimeControl "4500+10"]

1. e4 c5 2. Nf3 d6 3. Bc4 Nf6 4. Nc3 a6 5. d3 e6 6. a3 Nc6 7. O-O d5 8. exd5
exd5 9. Ba2 Be7 10. Bg5 Be6 11. Qd2 O-O 12. Rae1 Re8 13. Ne5 Nxe5 14. Rxe5
Bd6 15. Ree1 Bc7 16. Bxf6 gxf6 17. Qh6 Kh8 18. Bxd5 Bxd5 19. Rxe8+ Qxe8 20.
Nxd5 Be5 21. Re1 Qf8 22. Qh4 Qd6 23. Nc3 Re8 24. Kh1 Qb8 25. h3 Bxc3 26.
Rxe8+ Qxe8 27. bxc3 Qe1+ 28. Kh2 Qxc3 29. Qc4 Qxc4 30. dxc4 Kg8 31. Kg3 Kf8
32. Kf4 Ke7 33. Kf5 h6 34. a4 b6 35. h4 a5 36. h5 Kd7 37. Kxf6 Kd6 38. f4
Kd7 39. Kxf7 Kd6 40. Kg6 Ke6 41. Kxh6 Kf5 42. Kg7 Kxf4 43. h6 Ke4 44. h7 Kd4
45. h8=Q Kxc4 46. Kf7 Kb4 47. Qb2+ Kxa4 48. Ke6 b5 49. Kd5 b4 50. Kxc5 b3
51. Qxb3# {Black checkmated} 1-0

[Event "ICC tourney 2046 (75 10)"]
[Site "Internet Chess Club"]
[Date "2020.10.11"]
[Round "7"]
[White "adinanda"]
[Black "siddarth1"]
[Result "1/2-1/2"]
[ICCResult "Game drawn by mutual agreement"]
[WhiteElo "1286"]
[BlackElo "1526"]
[Opening "Sicilian defense"]
[ECO "B33"]
[NIC "SI.34"]
[Time "18:33:32"]
[TimeControl "4500+10"]

1. e4 c5 2. Nf3 Nc6 3. d4 cxd4 4. Nxd4 Nf6 5. Nc3 e6 6. Be3 Bb4 7. Nb5 Bxc3+
8. Nxc3 O-O 9. Be2 d5 10. exd5 exd5 11. Bg5 d4 12. Ne4 Qa5+ 13. Bd2 Qe5 14.
Nxf6+ Qxf6 15. O-O Bf5 16. c3 Rac8 17. cxd4 Nxd4 18. Bc3 Nxe2+ 19. Qxe2 Qg6
20. Rfe1 Bd7 21. Rad1 Bc6 22. f3 Rfe8 23. Qf2 Rxe1+ 24. Rxe1 Bd5 25. Qe3 Bc6
26. a3 Rd8 27. Qe7 Qd6 28. Qg5 f6 29. Qe3 a6 30. Qe6+ Qxe6 31. Rxe6 Kf7 32.
Re2 Rd5 33. Kf2 Rd7 34. Kg3 Bb5 35. Rd2 Rxd2 36. Bxd2 Ke6 37. Kf4 Kd5 38.
Bc3 Bd3 39. Ke3 Bf5 40. g4 Be6 41. h4 h6 42. g5 fxg5 43. hxg5 hxg5 44. Bxg7
g4 45. fxg4 Bxg4 46. Bc3 Bd7 47. Kf4 Bc6 48. Kf5 Kc4 49. Ke5 Kb3 50. Kd6 Kc2
51. Kc5 Kb3 52. Kb6 Kc2 {Game drawn by mutual agreement} 1/2-1/2

[Event "ICC tourney 2046 (75 10)"]
[Site "Internet Chess Club"]
[Date "2020.10.11"]
[Round "7"]
[White "ethanpu"]
[Black "magicpup"]
[Result "1/2-1/2"]
[ICCResult "Game drawn by mutual agreement"]
[WhiteElo "1350"]
[BlackElo "1482"]
[Opening "Ruy Lopez: old Steinitz defense"]
[ECO "C62"]
[NIC "RL.02"]
[Time "18:33:31"]
[TimeControl "4500+10"]

1. e4 e5 2. Nf3 Nc6 3. Bb5 d6 4. O-O Be7 5. h3 Nf6 6. d3 O-O 7. Nc3 Be6 8.
Bg5 h6 9. Bh4 Bd7 10. Qe2 Nd4 11. Nxd4 exd4 12. Bxd7 dxc3 13. Ba4 cxb2 14.
Rab1 Nd7 15. Bxe7 Qxe7 16. Bxd7 Qxd7 17. Rxb2 b6 18. c4 f5 19. exf5 Qxf5 20.
Qe4 Qxe4 21. dxe4 Rae8 22. Re1 Re5 23. Rb5 Rfe8 24. f3 Kf7
{Game drawn by mutual agreement}
1/2-1/2

[Event "ICC tourney 2046 (75 10)"]
[Site "Internet Chess Club"]
[Date "2020.10.11"]
[Round "7"]
[White "VirginiaGuy"]
[Black "otcm"]
[Result "1-0"]
[ICCResult "Black resigns"]
[WhiteElo "1398"]
[BlackElo "1502"]
[Opening "Queen's pawn game, Rubinstein (Colle-Zukertort) variation"]
[ECO "D02"]
[NIC "QP.08"]
[Time "18:33:40"]
[TimeControl "4500+10"]

1. d4 d5 2. Nf3 c5 3. b3 Nf6 4. e3 e6 5. Bd3 Nc6 6. a3 Be7 7. Nbd2 Bd7 8.
O-O Qc7 9. Bb2 cxd4 10. exd4 Bd6 11. Re1 h5 12. Qe2 h4 13. h3 Nh5 14. Ne5
Nf4 15. Qf3 Bxe5 16. dxe5 Nxd3 17. cxd3 Ne7 18. Rac1 Qa5 19. b4 Qb6 20. Qg4
Nf5 21. Nf3 g6 22. Nd4 Nxd4 23. Bxd4 Qa6 24. Bc5 Rh5 25. Qf4 Kd8 26. Qxf7
Kc7 27. Bd6+ Kb6 28. Bc7+ {Black resigns} 1-0

[Event "ICC tourney 2046 (75 10)"]
[Site "Internet Chess Club"]
[Date "2020.10.11"]
[Round "7"]
[White "ivo20"]
[Black "MathMonkey"]
[Result "1-0"]
[ICCResult "Black checkmated"]
[WhiteElo "1347"]
[BlackElo "974"]
[Opening "Ponziani opening"]
[ECO "C44"]
[NIC "KP.05"]
[Time "18:34:22"]
[TimeControl "4500+10"]

1. e4 e5 2. Nf3 Nc6 3. c3 d5 4. Bd3 Nf6 5. Qe2 Bg4 6. h3 Bxf3 7. Qxf3 dxe4
8. Bxe4 Nxe4 9. Qxe4 Bd6 10. O-O O-O 11. d3 Kh8 12. Nd2 f5 13. Qe2 Qd7 14.
Nf3 Rae8 15. Nh2 e4 16. dxe4 Rxe4 17. Qc2 Rfe8 18. Be3 f4 19. Bd4 Re2 20.
Qb3 Nxd4 21. cxd4 c6 22. Nf3 R8e6 23. Ng5 Rf6 24. Rae1 Rxe1 25. Rxe1 h6 26.
Ne4 Re6 27. Kf1 Qe7 28. f3 c5 29. Rc1 cxd4 30. Rc8+ Kh7 31. Qd3 g6 32. Rc1
Qg7 33. Re1 Be5 34. Nc5 Rb6 35. b3 Qc7 36. b4 Rxb4 37. Ne6 Qd6 38. Nf8+ Qxf8
39. Rxe5 Qf6 40. Qe4 Rb1+ 41. Qxb1 Qxe5 42. Qxb7+ Qg7 43. Qd5 g5 44. Ke2
Qe7+ 45. Qe4+ Qxe4+ 46. fxe4 Kg6 47. Kd3 Kf6 48. Kxd4 h5 49. Kd5 g4 50. hxg4
hxg4 51. e5+ Kf5 52. e6 f3 53. gxf3 gxf3 54. e7 f2 55. e8=Q Kg4 56. Qe2+ Kg3
57. Qf1 Kf3 58. Kc6 a5 59. Kb5 Ke3 60. Kxa5 Kd2 61. Kb4 Ke3 62. a4 Kd4 63.
Qxf2+ Kd5 64. Qe3 Kc6 65. a5 Kd6 66. Qc5+ Kd7 67. a6 Ke6 68. a7 Kd7 69. Kb5
Ke6 70. Qc6+ Ke7 71. a8=Q Kf7 72. Qab7+ Kg8 73. Qcc8# {Black checkmated} 1-0

[Event "ICC tourney 2046 (75 10)"]
[Site "Internet Chess Club"]
[Date "2020.10.11"]
[Round "7"]
[White "beibeiolivia"]
[Black "SukrutN"]
[Result "1/2-1/2"]
[ICCResult "Game drawn by repetition"]
[WhiteElo "1259"]
[BlackElo "1152"]
[Opening "Sicilian: Alapin's variation (2.c3)"]
[ECO "B22"]
[NIC "SI.47"]
[Time "18:33:30"]
[TimeControl "4500+10"]

1. e4 c5 2. c3 Nf6 3. e5 Nd5 4. d4 cxd4 5. cxd4 Nc6 6. Nf3 Qb6 7. Be2 Qb4+
8. Qd2 Qxd2+ 9. Bxd2 e6 10. O-O Be7 11. Nc3 d6 12. Nxd5 exd5 13. Bb5 Be6 14.
Rac1 Rc8 15. Rc2 Kd7 16. Rfc1 Bf5 17. Rc3 a6 18. Bd3 Bxd3 19. Rxd3 Rhe8 20.
a3 b5 21. Re3 Bd8 22. exd6 Bb6 23. Bc3 Kxd6 24. Rce1 Rxe3 25. fxe3 f6 26.
Kf2 Kd7 27. Ke2 Ba5 28. Rc1 Nd8 29. Kd2 Nb7 30. Ne1 Bc7 31. h3 Nd6 32. Nd3
Ne4+ 33. Ke2 Bd6 34. Bd2 Ng3+ 35. Kf2 Ne4+ 36. Ke2 Rxc1 37. Bxc1 Ng3+ 38.
Kf2 Kc7 39. Bd2 Ne4+ 40. Ke2 Kb6 41. Bb4 Kc6 42. Bxd6 Kxd6 43. Nf2 Kc6 44.
Nxe4 dxe4 45. b4 Kd5 46. Kf2 Ke6 47. Kg3 Kf5 48. Kh4 g6 49. Kg3 Kg5 50. h4+
Kf5 51. Kh3 h6 52. g4+ Ke6 53. Kg3 g5 54. Kh3 Kd5 55. Kg2 Kc4 56. Kf2 Kd5
57. Ke2 Kc4 58. Kd2 gxh4 59. Ke2 Kd5 60. Kf2 Ke6 61. Kg2 f5 62. gxf5+ Kxf5
63. Kh3 Kg5 64. Kh2 Kf5 65. Kg2 Kg5 66. Kh3 Kh5 67. Kh2 Kg5 68. Kh3 Kh5 69.
Kh2 Kg5 70. Kh3 Kh5 71. Kh2 Kg5 72. Kh3 {Game drawn by repetition} 1/2-1/2